 Dungeon Crawl Stone Soup version 0.21-a0-94-gdd6ab6a (webtiles) character file.

2833 sagitran the Carver (level 9, -11/72 HPs)
             Began as a Gnoll Wanderer on July 3, 2017.
             Was a Believer of Wu Jian.
             Mangled by a two-headed ogre
             ... wielding a +0 giant club
              (18 damage)
             ... on level 8 of the Dungeon.
             The game lasted 00:35:26 (6079 turns).

sagitran the Carver (Gnoll Wanderer)                Turns: 6079, Time: 00:35:26

Health: -11/72     AC:  9    Str: 16    XL:     9   Next: 73%
Magic:  11/11      EV: 14    Int:  9    God:    Wu Jian [**....]
Gold:   363        SH:  9    Dex: 15    Spells: 13/13 levels left

rFire    . . .     SeeInvis .   a - +2 falchion
rCold    . . .     Gourm    .   F - +3 buckler
rNeg     + . .     Faith    .   p - +0 scale mail
rPois    .         Spirit   .   n - +1 helmet
rElec    .         Reflect  .   j - +0 cloak
rCorr    .         Harm     .   u - +0 pair of gloves
MR       .....                  (no boots)
Stlth    ..........             k - amulet of regeneration
HPRegen  0.62/turn              A - ring of flight
MPRegen  0.12/turn              E - ring of positive energy

@: no status effects
A: short attention span, fangs 1, deformed body, low mp 1, strong nose
a: Renounce Religion, Evoke Flight


You were on level 8 of the Dungeon.
You worshipped Wu Jian.
Wu Jian was pleased with you.
You were hungry.

You visited 2 branches of the dungeon, and saw 9 of its levels.
You also visited: Sewer.

You collected 363 gold pieces.

Inventory:

Hand Weapons
 a - a +2 falchion (weapon)
 v - a +0 spear
 J - a +2 rapier of freezing
 L - a +0 shortbow
 M - a +0 hand axe of chopping
Missiles
 h - 9 tomahawks (quivered)
 I - a throwing net
 K - 70 arrows
Armour
 d - a +0 robe
 j - a +0 cloak (worn)
 n - a +1 helmet (worn)
 p - a +0 scale mail (worn)
 u - a +0 pair of gloves (worn)
 F - a +3 buckler (worn)
Jewellery
 k - an amulet of regeneration (around neck)
 A - a ring of flight (left hand)
 E - a ring of positive energy (right hand)
Scrolls
 i - 2 scrolls of remove curse
 l - 2 scrolls of blinking
 y - a scroll of enchant weapon {unknown}
 z - 5 scrolls of teleportation
 B - 2 scrolls of amnesia
 C - 2 scrolls of fog
 D - a scroll of identify
 G - a scroll of recharging
 H - a scroll of fear {unknown}
Potions
 c - 5 potions of curing
 e - a potion of berserk rage {unknown}
 g - a potion of brilliance {unknown}
 m - 2 potions of flight
 o - a potion of agility {unknown}
 q - a potion of degeneration {unknown}
 t - 3 potions of might
 w - a potion of haste {unknown}
Comestibles
 f - 3 bread rations
 r - 7 royal jellies
 s - 7 meat rations
 x - 5 fruits


   Skills:
 + Level 7.2 Fighting
 + Level 9.5 Long Blades
 + Level 4.0 Throwing
 + Level 7.3 Armour
 + Level 7.5 Dodging
 + Level 1.2 Stealth
 + Level 6.6 Shields
 + Level 2.5 Spellcasting
   Level 3.2 Poison Magic


You had 13 spell levels left.
You didn't know any spells.

Dungeon Overview and Level Annotations

Branches:
Dungeon (8/15)             Temple (1/1) D:4
   Lair: D:8-11

Altars:
Cheibriados
Dithmenos
Elyvilon
Fedhas
Gozag
Hepliaklqana
Kikubaaqudgha
Makhleb
Nemelex Xobeh
Okawaru
Ru
Sif Muna
Trog
Uskayaw
Wu Jian
Xom
Yredelemnul
Zin

Shops:
D:6 *


Innate Abilities, Weirdness & Mutations

You have a short attention span.
You have very sharp teeth.
Your uncanny sense of smell can sniff out nearby items.
Armour fits poorly on your strangely shaped body.
Your magical capacity is low. (-10% MP)


Message History

The two-headed ogre is heavily wounded.
The ice beast hits you but does no damage.
You hit the two-headed ogre.
The two-headed ogre is heavily wounded.
The two-headed ogre hits you with a giant club!
You block the two-headed ogre's attack. The ice beast misses you.
You slash the two-headed ogre!
The two-headed ogre is severely wounded.
The two-headed ogre completely misses you.
The two-headed ogre hits you with a giant club.
The ice beast hits you but does no damage.
You slash the two-headed ogre!
The two-headed ogre is almost dead.
The ice beast misses you.
You hit the two-headed ogre but do no damage.
The two-headed ogre is almost dead.
The two-headed ogre hits you with a giant club!!
* * * LOW HITPOINT WARNING * * *
The two-headed ogre hits you with a giant club!!
You die...

.# ###.###
#.....#
#.....##.
##........
.Za...###
#OY...... ..
#@########.##
#............
#####......#
#.###### #.#
#.# #.#
######## #.#
#......###.#


You could see a two-headed ogre, an ice beast, a worker ant and a centaur
zombie.

Vanquished Creatures
  The ghost of p0werm0de the Magician, a novice DsVM of Ashenzari (D:5)
  Prince Ribbit (D:6)
  A yak (D:7)
  3 hogs (D:7)
  A human (D:7)
  2 sky beasts (D:6)
  A black bear (D:7)
  An ogre (D:5)
  A necrophage (D:7)
  A centaur (D:8)
  A bullfrog (D:6)
  A scorpion (D:5)
  4 wights (D:7)
  A howler monkey (D:5)
  2 centaur zombies
  2 crimson imps
  3 jellies
  3 hounds
  4 orc wizards
  An orc priest (D:7)
  4 worker ants
  A hound skeleton (D:5)
  A mummy (D:7)
  4 gnolls (D:5)
  A howler monkey skeleton (D:6)
  9 adders
  A shadow imp (D:5)
  An adder skeleton (D:6)
  A dart slug (D:1)
  2 leopard geckos
  16 orcs
  3 ball pythons
  9 bats
  7 giant cockroaches
  5 goblins
  6 hobgoblins
  22 jackals
  19 kobolds
  2 quokkas
  9 frilled lizards
  7 rats
  A plant (Sewer)
166 creatures vanquished.

Notes
Turn   | Place    | Note
-------+----------+-------------------------------------------
     0 | D:1      | sagitran the Gnoll Wanderer began the quest for the Orb.
     0 | D:1      | sagitran set off with: a +2 falchion, a potion of lignification, a potion of curing, a +0 robe, a bread ration
     0 | D:1      | Reached XP level 1. HP: 16/16 MP: 3/3
   275 | D:1      | Reached XP level 2. HP: 9/22 MP: 5/5
   527 | D:1      | Reached XP level 3. HP: 18/28 MP: 6/6
   531 | D:1      | Reached skill level 4 in Long Blades
   777 | D:3      | Found a sparkling altar of Nemelex Xobeh.
   923 | D:2      | Reached XP level 4. HP: 33/34 MP: 7/7
  1080 | D:2      | Reached skill level 1 in Armour
  1795 | D:1      | Reached skill level 5 in Dodging
  2046 | D:2      | Reached skill level 5 in Long Blades
  2402 | D:3      | Reached XP level 5. HP: 23/39 MP: 8/8
  2707 | D:4      | Found a staircase to the Ecumenical Temple.
  2721 | Temple   | Entered the Ecumenical Temple
  2865 | Temple   | Became a worshipper of the Wu Jian Council
  2958 | D:5      | Entered Level 5 of the Dungeon
  3001 | D:5      | Found a glowing drain.
  3007 | D:5      | Reached skill level 6 in Long Blades
  3038 | D:5      | Noticed p0werm0de's ghost (novice DsVM)
  3042 | Sewer    | Entered a sewer
  3305 | Sewer    | Reached * piety under Wu Jian
  3522 | D:5      | Reached XP level 6. HP: 33/47 MP: 9/9
  3561 | D:5      | Killed p0werm0de's ghost
  3561 | D:5      | Reached skill level 7 in Long Blades
  3561 | D:5      | Reached XP level 7. HP: 33/54 MP: 10/10
  3919 | D:6      | Noticed Prince Ribbit
  4010 | D:5      | Reached skill level 8 in Long Blades
  4548 | D:5      | Reached skill level 5 in Fighting
  4590 | D:6      | Reached XP level 8. HP: 47/62 MP: 11/11
  4642 | D:6      | Killed Prince Ribbit
  4642 | D:6      | Reached skill level 5 in Armour
  4642 | D:6      | Reached skill level 5 in Shields
  4710 | D:6      | Reached ** piety under Wu Jian
  4727 | D:6      | Found Usinurph's General Store.
  4934 | D:7      | Found an opulent altar of Gozag.
  5175 | D:6      | Gained mutation: Armour fits poorly on your strangely shaped body. [mutagenic meat]
  5176 | D:6      | Gained mutation: Your spells are a little easier to cast, but a little less powerful. [mutagenic meat]
  5177 | D:6      | Gained mutation: Your magical capacity is low. (-10% MP) [mutagenic meat]
  5178 | D:6      | Lost mutation: Your spells are a little easier to cast, but a little less powerful. [mutagenic meat]
  5331 | D:7      | Reached skill level 1 in Stealth
  5390 | D:7      | Reached XP level 9. HP: 56/69 MP: 11/11
  5402 | D:7      | Paralysed by fainting for 5 turns
  5441 | D:7      | Reached skill level 9 in Long Blades
  5782 | D:7      | Found a shadowy altar of Dithmenos.
  6064 | D:8      | Noticed a two-headed ogre
  6079 | D:8      | Mangled by a two-headed ogre

Vault maps used:
D:1:      mrwooster_arrival_statue, minmay_quantized
D:3:      nemelex_spade_bored_becter
D:4:      lemuel_round_altar, kennysheep_mini,
          minmay_temple_entry_statues_fountains, first_bread,
          nemelex_xobeh_ov_fountains_minmay
D:5:      cheibrodos_sewer_entry_drain
D:6:      serial_shops, nicolae_shop_crystal, kennysheep_decorative_pillar,
          uniq_prince_ribbit1
D:7:      nicolae_gozag_cash_rules_everything_around_me,
          nicolae_dithmenos_the_darkroom, grunt_livestock, minmay_misc_feat_chi
D:8:      serial_undead, serial_undead_b, serial_undead_b, serial_undead_a,
          serial_undead_d, serial_undead_e, serial_undead_e
Temple:   eino_temple_scatter_basement
Sewer:    sewer_co_scattered_pipes

Skill      XL: |  1  2  3  4  5  6  7  8  9 |
---------------+----------------------------+-----
Spellcasting   | 2 |  2.5
Fighting       | 2 3 4 5 6 7 |  7.2
Dodging        | 4 5 6 7 |  7.5
Long Blades    | 4 5 6 7 8 9 |  9.5
Throwing       | 2 4 |  4.0
Armour         | 1 2 3 4 6 7 |  7.3
Shields        | 3 4 5 6 |  6.6
Stealth        | 1 |  1.2
Poison Magic   | |  3.2

Action                   |  1- 3 |  4- 6 |  7- 9 || total
-------------------------+-------+-------+-------++-------
Melee: Falchion          |    63 |   257 |   428 ||   748
       Bite              |     9 |    22 |    65 ||    96
Throw: Tomahawk          |     8 |     3 |    10 ||    21
       Throwing net      |       |       |     2 ||     2
  Use: Scroll            |       |    10 |     4 ||    14
       Potion            |       |     2 |     5 ||     7
  Eat: Meat ration       |       |     2 |       ||     2
       Royal jelly       |       |       |     1 ||     1
       Chunk             |       |       |     4 ||     4
       Fruit             |       |       |     1 ||     1
       Bread ration      |       |       |     1 ||     1
Armor: Robe              |    18 |       |       ||    18
       Scale mail        |     4 |    92 |   123 ||   219
       Skin              |       |     9 |       ||     9
Dodge: Dodged            |    59 |   116 |   181 ||   356
Block: Buckler           |       |    25 |   174 ||   199
       Rpst.: Falchion   |    24 |    30 |    47 ||   101
